 Dungeon Crawl Stone Soup version 0.21-a0-201-g8501b10 (webtiles) character file.

86255 4thArraOfDagon the Grappler (level 15, -26/157 HPs)
             Began as a Hill Orc Conjurer on Aug 18, 2017.
             Was a High Priest of Elyvilon.
             Killed from afar by a deep elf annihilator (49 damage)
             ... with a crystal spear
             ... on level 3 of the Elven Halls.
             The game lasted 01:28:51 (16744 turns).

4thArraOfDagon the Grappler (Hill Orc Conjurer)    Turns: 16744, Time: 01:28:51

Health: -26/157    AC: 26    Str:  9    XL:     15   Next: 86%
Magic:  24/24      EV: 19    Int: 18    God:    Elyvilon [*****.]
Gold:   959        SH:  0    Dex: 11    Spells: 11/26 levels left

rFire    . . .     SeeInvis .     - Unarmed
rCold    . . .     Gourm    +   (no shield)
rNeg     + . .     Faith    .   (armour currently unavailable)
rPois    ∞         Spirit   .   j - +0 helmet
rElec    +         Reflect  .   p - scarf {repulsion}
rCorr    .         Harm     .   (gloves currently unavailable)
MR       +++..                  (boots currently unavailable)
Stlth    ++........             G - amulet of the gourmand
HPRegen  0.36/turn              m - +4 ring of evasion
MPRegen  0.19/turn              T - ring of protection from magic

@: statue-form (expiring), repel missiles, very slow
A: blurry vision 2, dopey 1, frail 1, magic resistance 1, mutation resistance 1,
weak 2, MP-powered wands
a: End Transformation, Lesser Healing, Heal Other, Purification, Greater
Healing, Divine Vigour, Divine Protection, Renounce Religion


You were on level 3 of the Elven Halls.
You worshipped Elyvilon.
Elyvilon was extremely pleased with you.
You were full.
You were a stone statue.
You visited 4 branches of the dungeon, and saw 21 of its levels.

You collected 2231 gold pieces.
You spent 1272 gold pieces at shops.

Inventory:

Hand Weapons
 r - the +6 battleaxe of Pamivoim {chop, Fragile rF+ Str+3}
   (You bought it in a shop on level 3 of the Elven Halls)

   It inflicts extra damage upon your enemies.
   It affects your strength (+3).
   It protects you from fire.
   It will be destroyed if unequipped.
Missiles
 w - 3 throwing nets (quivered)
Armour
 a - the cursed +0 ring mail "Baunexuixe" {Regen+}
   (You took it off a minotaur on level 12 of the Dungeon)

   It increases your rate of regeneration.
   It has a curse placed upon it.
 j - a +0 helmet (worn)
 l - the cursed +0 pair of boots of Rotation (melded) {Str+5}
   (You found it on level 2 of the Elven Halls)

   It affects your strength (+5).
   It has a curse placed upon it.
 o - a +2 pair of gloves (melded)
 p - a scarf of repulsion (worn)
 u - a +0 large shield of protection
 v - a +0 pair of boots
 O - a +0 troll leather armour (melded)
Magical Staves
 e - an uncursed staff of energy {!a}
 J - an uncursed staff of earth
Jewellery
 m - a +4 ring of evasion (left hand)
 y - an uncursed ring of wizardry
 D - an uncursed ring of protection from fire
 G - an amulet of the gourmand (around neck)
 M - an uncursed ring of positive energy
 T - a ring of protection from magic (right hand)
Wands
 I - a wand of acid (11/15)
 S - a wand of paralysis (13/24)
Scrolls
 d - 5 scrolls of remove curse
 f - 3 scrolls of amnesia
 g - a scroll of vulnerability
 h - 4 scrolls of teleportation
 n - 2 scrolls of magic mapping
 A - a scroll of summoning {unknown}
 Q - 2 scrolls of enchant weapon
Potions
 i - 2 potions of magic
 s - 4 potions of haste
 z - a potion of berserk rage
 P - 4 potions of heal wounds
 U - 3 potions of brilliance
 X - 5 potions of curing
 Y - a potion of invisibility
Miscellaneous
 t - 2 sacks of spiders
 x - a lightning rod (4/4)
 V - 2 boxes of beasts
Comestibles
 b - 2 royal jellies
 c - 7 bread rations
 H - 3 meat rations


   Skills:
 + Level 13.0 Fighting
 - Level 7.6 Armour
 + Level 7.4 Dodging
 - Level 1.5 Stealth
 * Level 14.3 Unarmed Combat
 - Level 6.3 Spellcasting
 - Level 4.0 Conjurations
 - Level 8.5 Transmutations
 - Level 11.1 Earth Magic
 + Level 9.8 Invocations


You had 11 spell levels left.
You knew the following spells:

 Your Spells              Type           Power        Failure   Level  Hunger
a - Magic Dart            Conj           ###.         2%          1    None
b - Statue Form           Tmut/Erth      #####....    30%         6    #######
c - Blade Hands           Tmut           #####.....   10%         5    #####..
d - Lesser Beckoning      Tloc           #.........   34%         3    ##.....


Dungeon Overview and Level Annotations

Branches:
Dungeon (15/15)            Temple (1/1) D:5            Lair (0/6) D:11
    Orc (2/2) D:10            Elf (3/3) Orc:2        Vaults (0/5) D:14
 Depths: D:15

Altars:
Cheibriados
Dithmenos
Elyvilon
Fedhas
Gozag
Hepliaklqana
Kikubaaqudgha
Nemelex Xobeh
Okawaru
Qazlal
Ru
Sif Muna
Trog
Uskayaw
Wu Jian
Xom
Yredelemnul
Zin
The Shining One
Beogh

Shops:
D:11 !   Orc:2 !?=%   Elf:3 (

Annotations:
D:10 Syneil's ghost, journeyman MiFi
D:11 exclusion: 2 oklob plants


Innate Abilities, Weirdness & Mutations

Scrolls take you longer to read.
You are dopey. (Int -2)
You are frail. (-10% HP)
You are resistant to hostile enchantments. (MR+)
You are somewhat resistant to further mutation.
You are very weak. (Str -4)
You expend magic power (3 MP) to strengthen your wands.


Message History

Unknown command.
You hit the deep elf annihilator.
The deep elf annihilator is moderately wounded.
Unknown command.
You pummel the deep elf annihilator!!
The deep elf annihilator is severely wounded.
You hear a shout!
The deep elf annihilator points at you and mumbles some strange words.
The poison arrow is repelled.
The deep elf annihilator casts a spell at you.
The crystal spear hits you!
* * * LOW HITPOINT WARNING * * *
You hear a shout!
Unknown command.
Unknown command.
You punch the deep elf annihilator!
The deep elf annihilator is almost dead.
The deep elf annihilator points at you and mumbles some strange words.
The crystal spear hits you!
You die...

* ##....#.......##)##.#* #
##...[#.....####..## #
#..(#.#..### ##..#*
#...##...## ##.##.#*
##.###..#.###[##*#.##
####.##.#.#.## *#.#
##.####.#.## #.# ##.##
##e#.#### #.# #####
##.######8#.#...# #.#
#...###.####.#.###.#..###.#
#...##.## #...## #..[<..#.#
##...#.## #...# #......#.#
..(...## #...# ###..###<#
##...## ##.## #.e.##.###
#...# ##* ###§e§...##
##...# #§§§§....# #.####
#§§§§....#


You could see a deep elf annihilator.

Vanquished Creatures
  A fire giant (Orc:1)
  An orc warlord (Orc:2)
  A deep elf sorcerer (Elf:3)
  Louise (Elf:3)
  A deep elf elementalist (Elf:2)
  A deep elf demonologist (Elf:3)
  Nessos (D:15)
  A deep elf annihilator (Elf:3)
  A deep elf death mage (Elf:3)
  2 ettins (Orc:1)
  2 minotaurs (D:12)
  2 ogre magi (Orc:1)
  2 hydras
  The ghost of Gorglomux the Cleaver, a journeyman HOCj of Okawaru (D:13)
  Harold (D:12)
  Erolcha (D:10)
  8 two-headed ogres
  A centaur warrior (D:13)
  3 dancing weapons
  4 death yaks (D:12)
  5 orc high priests (Orc:2)
  A deep elf knight (Elf:2)
  A skeletal warrior (D:15)
  4 unseen horrors
  6 orc knights
  A wolf spider zombie (D:14)
  7 ugly things
  14 deep elf magi
  15 cyclopes
  3 orc sorcerers (Orc:2)
  2 manticores (D:14)
  5 slime creatures (D:9)
  2 centaur zombies
  A molten gargoyle (Orc:1)
  2 gargoyles
  2 komodo dragons
  2 kobold demonologists
  9 yaktaurs (D:12)
  A queen bee (D:12)
  8 trolls
  An air elemental (Elf:2)
  A yak (shapeshifter) (Elf:2)
  2 wraiths
  49 yaks
  2 wyverns
  2 fire elementals
  2 hungry ghosts
  5 vampire mosquitoes (D:14)
  5 wargs
  A soldier ant (D:14)
  An acid dragon (D:14)
  A floating eye (D:14)
  A hornet zombie (D:11)
  3 sky beasts
  3 black bears
  4 ice beasts
  50 orc warriors
  An eye of draining (D:13)
  2 necrophages
  5 phantoms
  3 wolves (Orc:1)
  7 centaurs
  25 ogres
  A crocodile (D:12)
  2 big kobolds
  5 bullfrogs
  17 killer bees
  A scorpion (D:12)
  27 wights
  4 electric eels
  6 howler monkeys
  5 crimson imps
  3 bullfrog zombies
  A quasit (D:11)
  3 bullfrog skeletons
  4 hounds
  2 jellies
  30 orc priests
  6 centaur skeletons
  A gnoll shaman (D:8)
  28 orc wizards
  3 iguanas
  12 worker ants
  A worker ant zombie (D:9)
  17 gnolls
  4 adders
  2 shadow imps
  2 oozes
  3 dart slugs
  3 leopard geckos
  126 orcs
  7 giant cockroaches
  8 goblins
  4 hobgoblins
  15 jackals
  4 quokkas
  5 bats
  5 frilled lizards
  16 kobolds
  A leopard gecko skeleton (D:7)
  A leopard gecko zombie (D:7)
  A quokka zombie (D:5)
  9 rats
  A fungus (Elf:2)
699 creatures vanquished.

Vanquished Creatures (others)
  A meliai (D:14)
  A sky beast (D:12)
  5 killer bees
  A howler monkey (D:11)
  An orc priest (D:12)
  2 orc wizards
  A gnoll (D:12)
  4 orcs
  A giant cockroach (D:11)
  A kobold (D:12)
  7 fungi (Elf:2)
  14 plants
39 creatures vanquished.

Grand Total: 738 creatures vanquished

Notes
Turn   | Place    | Note
-------+----------+-------------------------------------------
     0 | D:1      | 4thArraOfDagon the Hill Orc Conjurer began the quest for the Orb.
     0 | D:1      | Reached XP level 1. HP: 14/14 MP: 3/3
   108 | D:1      | Reached skill level 1 in Fighting
   245 | D:1      | Reached XP level 2. HP: 8/24 MP: 0/4
   813 | D:1      | Reached XP level 3. HP: 11/31 MP: 1/5
  1484 | D:2      | Reached skill level 1 in Armour
  1706 | D:2      | Found a sparkling altar of Nemelex Xobeh.
  1720 | D:2      | Reached XP level 4. HP: 35/40 MP: 6/6
  2008 | D:4      | Noticed a hippogriff
  2033 | D:5      | Entered Level 5 of the Dungeon
  2039 | D:4      | Noticed an ogre
  2067 | D:5      | Reached XP level 5. HP: 43/47 MP: 7/7
  2087 | D:5      | Reached skill level 5 in Fighting
  2094 | D:6      | Noticed a centaur
  2116 | D:5      | Found a staircase to the Ecumenical Temple.
  2120 | D:5      | Reached XP level 6. HP: 48/56 MP: 8/8
  2145 | D:5      | Found an ornate altar of the Wu Jian Council.
  2183 | Temple   | Entered the Ecumenical Temple
  2255 | Temple   | Became a worshipper of Elyvilon the Healer
  2472 | D:4      | Noticed a phantom
  2534 | D:5      | Killed a phantom
  2534 | D:5      | Reached skill level 1 in Invocations
  2588 | D:4      | Found a basalt altar of Yredelemnul.
  2636 | D:4      | Reached * piety under Elyvilon
  2659 | D:4      | Reached XP level 7. HP: 38/63 MP: 9/9
  2677 | D:4      | Found a glowing golden altar of the Shining One.
  2720 | D:4      | Found a sparkling altar of Nemelex Xobeh.
  2721 | D:4      | Found a glowing silver altar of Zin.
  3592 | D:6      | Reached skill level 5 in Armour
  3669 | D:6      | Reached XP level 8. HP: 66/73 MP: 11/11
  3768 | D:6      | Reached skill level 5 in Invocations
  3785 | D:6      | Reached ** piety under Elyvilon
  4195 | D:7      | Found a snail-covered altar of Cheibriados.
  4308 | D:7      | Reached XP level 9. HP: 77/82 MP: 14/14
  4737 | D:8      | Learned a level 6 spell: Statue Form
  4945 | D:8      | Reached skill level 1 in Unarmed Combat
  5074 | D:7      | Noticed a two-headed ogre
  5090 | D:7      | Killed a two-headed ogre
  5090 | D:7      | Reached skill level 2 in Unarmed Combat
  5090 | D:7      | Reached skill level 1 in Transmutations
  5173 | D:7      | Reached skill level 3 in Unarmed Combat
  5307 | D:9      | Reached XP level 10. HP: 91/91 MP: 13/16
  5605 | D:9      | Gained mutation: You are weak. (Str -2) [mutagenic meat]
  5606 | D:9      | Gained mutation: You have sharp toenails. [mutagenic meat]
  5612 | D:9      | Reached skill level 4 in Unarmed Combat
  5683 | D:9      | Found a basalt altar of Yredelemnul.
  5748 | D:10     | Entered Level 10 of the Dungeon
  5899 | D:10     | Noticed a two-headed ogre
  5901 | D:11     | Noticed a gargoyle
  6015 | D:10     | Noticed Syneil's ghost (journeyman MiFi)
  6245 | D:11     | Noticed a cyclops
  6262 | D:11     | Pacified a cyclops
  6498 | D:10     | Noticed a green ugly thing
  6531 | D:10     | Killed a green ugly thing
  6531 | D:10     | Reached skill level 5 in Unarmed Combat
  6577 | D:9      | Reached skill level 5 in Earth Magic
  6931 | D:10     | Noticed a two-headed ogre
  6980 | D:11     | Noticed a two-headed ogre
  6997 | D:11     | Reached skill level 6 in Unarmed Combat
  6997 | D:11     | Reached XP level 11. HP: 97/97 MP: 17/17
  7004 | D:11     | Killed a two-headed ogre
  7144 | D:11     | Noticed a two-headed ogre
  7172 | D:11     | Noticed a skeletal warrior
  7173 | D:11     | Noticed a skeletal warrior
  7477 | D:14     | Reached skill level 5 in Transmutations
  7573 | D:14     | Noticed a two-headed ogre
  7771 | D:12     | Found a frozen archway.
  7771 | D:12     | Noticed Harold
  7771 | D:12     | Noticed a manticore
  7822 | D:13     | Reached skill level 7 in Unarmed Combat
  8422 | D:13     | Noticed a two-headed ogre
  8450 | D:13     | Killed a two-headed ogre
  8544 | D:13     | Noticed a centaur warrior
  8565 | D:13     | Killed a centaur warrior
  8585 | D:13     | Noticed Gorglomux's ghost (journeyman HOCj)
  8709 | D:13     | Learned a level 5 spell: Blade Hands
  8819 | D:12     | Killed Harold
  8819 | D:12     | Reached XP level 12. HP: 9/104 MP: 2/19
  8861 | D:12     | Reached skill level 5 in Spellcasting
  9217 | D:12     | Noticed a five-headed hydra
  9247 | D:12     | Killed a five-headed hydra
  9469 | D:11     | Killed a two-headed ogre
  9604 | D:11     | Gained mutation: You are very weak. (Str -4) [mutagenic glow]
  9819 | D:10     | Found a staircase to the Orcish Mines.
  9842 | D:10     | Lost mutation: You have sharp toenails. [miscasting Statue Form]
  9941 | D:10     | Reached skill level 10 in Earth Magic
 10053 | D:10     | Noticed Erolcha
 10379 | D:11     | Found Olosmipn's Distillery.
 10387 | D:11     | Bought a potion of brilliance for 48 gold pieces
 10387 | D:11     | Bought a potion of heal wounds for 60 gold pieces
 10387 | D:11     | Bought a potion of heal wounds for 60 gold pieces
 10387 | D:11     | Bought a potion of heal wounds for 60 gold pieces
 10387 | D:11     | Bought a potion of degeneration for 12 gold pieces
 10387 | D:11     | Bought a potion of curing for 36 gold pieces
 10387 | D:11     | Bought a potion of curing for 36 gold pieces
 10387 | D:11     | Bought a potion of curing for 36 gold pieces
 10447 | D:11     | Found a staircase to the Lair.
 10580 | D:10     | Killed a two-headed ogre
 10596 | D:10     | Paralysed by Erolcha for 4 turns
 10724 | D:10     | Reached XP level 13. HP: 111/111 MP: 19/22
 10761 | D:10     | Killed Erolcha
 11111 | D:10     | Found a roughly hewn altar of Beogh.
 11522 | D:12     | Noticed a minotaur
 11551 | D:12     | HP: 4/144 [minotaur (10)]
 11557 | D:12     | Killed a minotaur
 11781 | D:12     | Noticed a minotaur
 11805 | D:12     | Killed a minotaur
 11805 | D:12     | Reached skill level 8 in Unarmed Combat
 11842 | D:12     | Got a translucent ring mail
 11964 | D:12     | Reached skill level 9 in Unarmed Combat
 11997 | D:12     | Reached skill level 10 in Fighting
 12151 | D:13     | Killed Gorglomux's ghost
 12301 | D:14     | Gained mutation: Scrolls take you a little longer to read. [miscasting Statue Form]
 12301 | D:14     | Gained mutation: You are dopey. (Int -2) [miscasting Statue Form]
 12369 | D:14     | Reached XP level 14. HP: 121/121 MP: 20/23
 12426 | D:14     | Reached skill level 10 in Unarmed Combat
 12613 | D:15     | Entered Level 15 of the Dungeon
 12697 | D:15     | Noticed Nessos
 12701 | D:15     | Reached *** piety under Elyvilon
 12710 | D:15     | Killed Nessos
 12802 | D:14     | Found a gate to the Vaults.
 12878 | D:14     | Gained mutation: You have large cloven feet. [mutagenic meat]
 12879 | D:14     | Lost mutation: You are dopey. (Int -2) [mutagenic meat]
 12880 | D:14     | Lost mutation: You have large cloven feet. [mutagenic meat]
 12881 | D:14     | Gained mutation: You expend magic power (3 MP) to strengthen your wands. [mutagenic meat]
 12946 | D:14     | Gained mutation: You are frail. (-10% HP) [mutagenic meat]
 12947 | D:14     | Gained mutation: You are resistant to hostile enchantments. (MR+) [mutagenic meat]
 13012 | D:14     | Reached skill level 11 in Unarmed Combat
 13014 | D:14     | Paralysed by a floating eye for 4 turns
 13034 | D:14     | Reached skill level 5 in Dodging
 13039 | D:14     | Gained mutation: You are somewhat resistant to further mutation. [mutagenic meat]
 13040 | D:14     | Gained mutation: You are dopey. (Int -2) [mutagenic meat]
 13509 | Orc:1    | Entered Level 1 of the Orcish Mines
 13751 | Orc:1    | Reached **** piety under Elyvilon
 13986 | Orc:1    | Reached skill level 12 in Unarmed Combat
 14481 | Orc:1    | Noticed a fire giant
 14506 | Orc:1    | Killed a fire giant
 14558 | Orc:1    | Reached XP level 15. HP: 90/118 MP: 18/24
 14716 | Orc:2    | Entered Level 2 of the Orcish Mines
 14921 | Orc:2    | Reached skill level 13 in Unarmed Combat
 15048 | Orc:2    | Found a roughly hewn altar of Beogh.
 15177 | Orc:2    | Found Meucs's Distillery.
 15181 | Orc:2    | Bought a potion of berserk rage for 75 gold pieces
 15181 | Orc:2    | Bought a potion of heal wounds for 75 gold pieces
 15181 | Orc:2    | Bought a potion of brilliance for 60 gold pieces
 15181 | Orc:2    | Bought a potion of heal wounds for 75 gold pieces
 15191 | Orc:2    | Found Fuep's Magic Scroll Shoppe.
 15215 | Orc:2    | Bought a scroll of magic mapping for 52 gold pieces
 15215 | Orc:2    | Bought a scroll of magic mapping for 52 gold pieces
 15215 | Orc:2    | Bought a scroll of teleportation for 45 gold pieces
 15215 | Orc:2    | Bought a scroll of teleportation for 45 gold pieces
 15215 | Orc:2    | Bought a scroll of teleportation for 45 gold pieces
 15215 | Orc:2    | Bought a scroll of identify for 30 gold pieces
 15215 | Orc:2    | Bought a scroll of identify for 30 gold pieces
 15215 | Orc:2    | Bought a scroll of identify for 30 gold pieces
 15627 | Orc:2    | Noticed an orc warlord
 15652 | Orc:2    | Killed an orc warlord
 15696 | Orc:2    | Found a roughly hewn altar of Beogh.
 15834 | Orc:2    | Found Hadwocuh's Food Boutique.
 15910 | Orc:2    | Found Urucsaep's Jewellery Shop.
 15999 | Orc:2    | Found a staircase to the Elven Halls.
 16010 | Elf:1    | Entered Level 1 of the Elven Halls
 16031 | Elf:2    | Gained mutation: Scrolls take you longer to read. [mutagenic meat]
 16039 | Elf:2    | Identified the cursed +0 ring mail "Baunexuixe" {Regen+} (You took it off a minotaur on level 12 of the Dungeon)
 16074 | Elf:2    | Noticed a deep elf elementalist
 16080 | Elf:2    | Killed a deep elf elementalist
 16085 | Elf:2    | Got a pair of transparent boots
 16137 | Elf:2    | Identified the cursed +0 pair of boots of Rotation {Str+5} (You found it on level 2 of the Elven Halls)
 16208 | Elf:2    | Reached ***** piety under Elyvilon
 16228 | Elf:3    | Entered Level 3 of the Elven Halls
 16279 | Elf:3    | Reached skill level 14 in Unarmed Combat
 16456 | Elf:3    | Found Jimuxoeh's Antique Weapon Emporium.
 16487 | Elf:3    | Bought a faintly glowing battleaxe for 310 gold pieces
 16489 | Elf:3    | Identified the +6 battleaxe of Pamivoim {chop, Fragile rF+ Str+3} (You bought it in a shop on level 3 of the Elven Halls)
 16498 | Elf:3    | Identified the Incunabulum of Displacement
 16503 | Elf:3    | Learned a level 3 spell: Lesser Beckoning
 16517 | Elf:3    | Noticed Louise
 16534 | Elf:3    | Killed Louise
 16704 | Elf:3    | Noticed a deep elf sorcerer
 16713 | Elf:3    | Killed a deep elf sorcerer
 16718 | Elf:3    | Noticed a deep elf sorcerer
 16744 | Elf:3    | Killed from afar by a deep elf annihilator

Vault maps used:
D:1:      erik_arrival_blinker_ship, dk_noncrumbling_3, kennysheep_flooded_box
D:2:      nemelex_dance_club_becter
D:4:      gammafunk_temple_overflow_statue, yredelemnul_altar_generic,
          nicolae_overflow_crystal_walls, corner_web_ring
D:5:      lemuel_doored_altar, minmay_temple_entry_statues_pillars, first_bread
D:6:      corexii_checkpoint_a
D:7:      cheibriados_altar_1
D:9:      basic_altar
D:10:     minmay_orc_entry_temple_small, serial_bayou, serial_bayou_pond_e,
          serial_bayou_pond_e, serial_bayou_pond_b, serial_bayou_pond_c,
          uniq_erolcha
D:11:     dpeg_oklobed_lair, serial_shops, shop
D:12:     fort_yaktaur, portal_ice_cave_entry_pillars_1, david_nohive_1,
          uniq_harold
D:14:     erik_vaults_1, minmay_misc_feat_tower, kennysheep_cluttered_room,
          onia_ninara_cookie
D:15:     gammafunk_depths_entry_grave, serial_park_tiny_pond, uniq_nessos
Temple:   regret_index_temple_sphere_string
Orc:1:    giant_chief_lemuel
Orc:2:    pubby_orc_utopia
Elf:1:    serial_shops, shop, kennysheep_underground_church, uniq_frances
Elf:2:    lemuel_statue_altar
Elf:3:    minmay_elf_hall_furrowed, serial_shops, shop, chequers_big_river,
          eino_tiny_chamber, uniq_louise

Skill      XL: |  1  2  3  4  5  6  7  8  9 10 11 12 13 14 15 |
---------------+----------------------------------------------+-----
Fighting       | 1 3 4 5 6 7 8 9 10 11 13 | 13.0
Armour         | 1 2 3 4 5 7 |  7.6
Invocations    | 2 4 6 8 9 |  9.8
Unarmed Combat | 3 6 7 9 12 14 | 14.3
Spellcasting   | 2 3 4 6 |  6.3
Transmutations | 2 4 6 7 8 |  8.5
Earth Magic    | 3 5 8 10 11 | 11.1
Dodging        | 4 6 7 |  7.4
Stealth        | |  1.5
Conjurations   | |  4.0

Action                   |  1- 3 |  4- 6 |  7- 9 | 10-12 | 13-15 || total
-------------------------+-------+-------+-------+-------+-------++-------
Melee: Spear             |    54 |       |       |       |       ||    54
       Whip              |    53 |   152 |   425 |   180 |       ||   810
       Flail             |       |       |    24 |    16 |       ||    40
       Unarmed           |       |       |       |   979 |  1229 ||  2208
       Punch             |       |       |       |    26 |    31 ||    57
       Kick              |       |       |       |    34 |       ||    34
 Cast: Magic Dart        |    25 |       |       |       |       ||    25
       Statue Form       |       |       |       |    20 |    84 ||   104
Invok: Lesser Healing    |       |       |    12 |    54 |     1 ||    67
       Heal Other        |       |       |     7 |    18 |     5 ||    30
 Abil: End Transformatio |       |       |       |     4 |    28 ||    32
Evoke: Wand              |       |       |     3 |    16 |     4 ||    23
  Use: Potion            |     2 |       |       |    14 |     9 ||    25
       Scroll            |     1 |     1 |     8 |    17 |    14 ||    41
 Stab: Sleeping          |     2 |       |       |       |     1 ||     3
  Eat: Chunk             |     3 |     4 |    21 |    28 |    77 ||   133
       Fruit             |       |       |     4 |     4 |       ||     8
       Royal jelly       |       |       |     1 |     6 |     3 ||    10
       Meat ration       |       |       |       |     2 |     1 ||     3
Armor: Robe              |     8 |       |       |       |       ||     8
       Chain mail        |    37 |    85 |   291 |   342 |       ||   755
       Skin              |     2 |       |       |   338 |   487 ||   827
       Troll leather arm |       |       |       |    98 |    34 ||   132
Dodge: Dodged            |    49 |    73 |   239 |   980 |  1075 ||  2416
       Deflected         |       |     3 |     4 |    19 |    46 ||    72
